 Dungeon Crawl Stone Soup version 0.30-a0-715-gdb4ae3ece1 (webtiles) character file.

Game seed: 18100705088421847481

126 Shayle the Poker (level 4, 0/34 HPs)
             Began as a Demonspawn Reaver on Jan 24, 2023.
             Slain by a rat (1 damage)
             ... on level 3 of the Dungeon.
             The game lasted 00:06:19 (1876 turns).

Shayle the Poker (Demonspawn Reaver)                Turns: 1876, Time: 00:06:20

Health: 0/34       AC:  5    Str: 13    XL:     4   Next: 84%
Magic:  2/7        EV: 11    Int: 16    God:
Gold:   90         SH:  0    Dex: 11    Spells: 4/7 levels left

rFire   + . .      SeeInvis .    e - +0 rapier
rCold   + . .      Faith    .    (no shield)
rNeg    . . .      Spirit   .    m - +0 ring mail
rPois   +          Reflect  .    (no helmet)
rElec   +          Harm     .    (no cloak)
rCorr   +          Rampage  .    (no gloves)
Will    .....                    (no boots)
Stlth   ++                       (no amulet)
HPRegen 0.25/turn                (no ring)
MPRegen 0.10/turn                (no ring)

@: lethally poisoned (0 -> -9), resistant, very slightly contaminated
A: hooves 1, sturdy frame 2
a: no special abilities


You were on level 3 of the Dungeon.
You visited 1 branch of the dungeon, and saw 3 of its levels.

You collected 111 gold pieces.
You spent 21 gold pieces at shops.

Inventory:

Hand Weapons
 a - a +0 spear
 e - a +0 rapier (weapon)
Missiles
 o - 2 datura-tipped darts (quivered)
 p - 2 poisoned darts
Armour
 b - a +1 leather armour
 f - a +0 pair of boots
 m - a +0 ring mail (worn)
Scrolls
 c - a scroll of enchant weapon {unknown}
 h - a scroll of brand weapon {unknown}
 r - a scroll of magic mapping {unknown}
 s - a scroll of teleportation {unknown}
Potions
 d - a potion of heal wounds {unknown}
 i - a potion of attraction
 j - a potion of mutation
 k - a potion of might {unknown}
 n - a potion of brilliance {unknown}
 q - a potion of flight {unknown}


   Skills:
 + Level 2.9 Fighting
 + Level 3.4 Polearms
 - Level 1.7 Dodging
 + Level 1.9 Stealth
 - Level 2.0 Spellcasting
 - Level 3.0 Conjurations
 + Level 2.0 Hexes
 + Level 0.6 Ice Magic


You had 4 spell levels left.
You knew the following spells:

 Your Spells              Type           Power      Damage    Failure   Level
a - Kiss of Death         Conj/Necr      24%        2d7       13%         1
b - Ensorcelled Hibernat  Hex/Ice        10%        N/A       21%         2

Your spell library contained the following spells:

 Spells                   Type           Power      Damage    Failure   Level
 Momentum Strike          Conj/Tloc      12%        3d8       19%         2
 Passwall                 Tmut/Erth      0%         N/A       34%         2
 Hailstorm                Conj/Ice       7%         3d4       34%         3
 Swiftness                Air            1%         N/A       56%         3


Dungeon Overview and Level Annotations

Branches:
Dungeon (3/15)

Altars:

Shops:
D:1 (


Innate Abilities, Weirdness & Mutations

You have large cloven feet.
Your movements are less encumbered by armour. (ER -4)


Message History

The scorpion is moderately wounded.
You feel sick.
The scorpion stings you but does no damage.
The rat barely misses you. The scorpion stings you.
You barely miss the scorpion. Your kick misses the scorpion.
The scorpion is moderately wounded.
You feel sick.
You are no longer poisoned.
The scorpion stings you. The rat closely misses you.
You barely miss the scorpion.
You kick the scorpion, but do no damage.
The scorpion is moderately wounded.
The scorpion stings you. The rat closely misses you.
The scorpion completely misses you.
You barely miss the scorpion.
You kick the scorpion, but do no damage.
The scorpion is moderately wounded.
The rat barely misses you. The scorpion stings you.
You are poisoned.
The scorpion poisons you!
You hit the scorpion. You kick the scorpion.
The scorpion is almost dead.
You feel very sick. The rat bites you. The scorpion stings you.
* * * LOW HITPOINT WARNING * * *
You are more poisoned.
The scorpion poisons you! The rat barely misses you. The scorpion misses you.
You hit the scorpion.
You kill the scorpion!
* * * LOW HITPOINT WARNING * * *
You feel very sick. The rat bites you.
* * * LOW HITPOINT WARNING * * *
Your Hexes skill increases to level 2!
It was a potion of resistance.
You feel protected.
* * * LOW HITPOINT WARNING * * *
You feel very sick. The rat bites you.
You die...

!.... ......##. ......
..>...... .## ......
#........ .#.. #....
#........ ....
#....#####.:...... .....
#.###............. .....
#......###........
.....#######..#.r###.....
.........g....#.@# ....
.......##.....#.<# ..
......<..........#
.......s##....##.#
...................
........#...........
........#..........$
........#.......^..
.$......###.........


You could see a rat.

Vanquished Creatures
  A scorpion (D:3)
  2 adders (D:2)
  A gnoll (D:1)
  A dart slug (D:2)
  3 bats
  5 endoplasms
  2 giant cockroaches
  4 goblins (D:2)
  4 hobgoblins
  4 kobolds
  3 quokkas
  4 ball pythons
  4 frilled lizards (D:2)
  2 rats
40 creatures vanquished.

Notes
Turn   | Place    | Note
-------+----------+-------------------------------------------
     0 | D:1      | Shayle the Demonspawn Reaver began the quest for the Orb.
     0 | D:1      | Reached XP level 1. HP: 16/16 MP: 3/3
   227 | D:1      | Gained mutation: You have large cloven feet. [demonic
                  | ancestry]
   227 | D:1      | Reached XP level 2. HP: 12/22 MP: 3/5
   239 | D:1      | You fall into a shaft and drop 1 floor!
   355 | D:2      | Reached skill level 1 in Stealth
   358 | D:2      | Reached skill level 1 in Hexes
   593 | D:3      | Noticed a scorpion
   717 | D:2      | Gained mutation: Your movements are slightly less
                  | encumbered by armour. (ER -2) [demonic ancestry]
   717 | D:2      | Reached XP level 3. HP: 27/28 MP: 6/6
  1388 | D:1      | Found Mififom's Weapon Boutique.
  1411 | D:1      | Bought 2 datura-tipped darts for 21 gold pieces
  1711 | D:2      | Gained mutation: Your movements are less encumbered by
                  | armour. (ER -4) [demonic ancestry]
  1711 | D:2      | Reached XP level 4. HP: 34/34 MP: 7/7
  1801 | D:2      | Learned a level 2 spell: Ensorcelled Hibernation
  1875 | D:3      | Killed a scorpion
  1876 | D:3      | HP: 1/34 [poisoned by a scorpion]
  1876 | D:3      | Slain by a rat

Illustrated notes

Levels and vault maps discovered:
D:1:      minmay_arrival_hallway, layout_rooms, serial_shops, shop,
          grunt_decor_junction
D:2:      layout_basic
D:3:      layout_basic

Skill      XL: |  1  2  3  4 |
---------------+-------------+-----
Stealth        | 1 |  1.9
Hexes          | 1 2 |  2.0
Polearms       | 3 |  3.4
Fighting       | |  2.9
Dodging        | |  1.7
Spellcasting   | |  2.0
Conjurations   | |  3.0
Ice Magic      | |  0.6

Action                     |  1- 3 |  4- 6 || total
---------------------------+-------+-------++-------
  Melee: Rapier            |   121 |    15 ||   136
         Kick              |    14 |     5 ||    19
  Throw: Dart              |     2 |       ||     2
   Cast: Kiss of Death     |     1 |       ||     1
         Ensorcelled Hiber |       |     1 ||     1
    Use: Scroll            |     3 |       ||     3
         Potion            |       |     1 ||     1
   Stab: Sleeping          |     2 |       ||     2
 Armour: Leather armour    |    41 |       ||    41
         Ring mail         |    15 |     9 ||    24
  Dodge: Dodged            |    91 |    19 ||   110

Table legend: (Time is in decaauts)
 A = Elapsed time spent in this place.
 B = Non-inter-level travel time spent in this place.
 C = Inter-level travel time spent in this place.
 D = Time resting spent in this place.
 E = Time spent auto-exploring this place.
 F = Levels seen in this place.
 G = Mean time per level.
                   A        B        C        D        E       F      G
               +--------+--------+--------+--------+--------+-----+--------+
         Total |   1904 |   1802 |    102 |     69 |    765 |   3 |  634.7 |
       Dungeon |   1904 |   1802 |    102 |     69 |    765 |   3 |  634.7 |
               +--------+--------+--------+--------+--------+-----+--------+

Top non-repeatable levels by time:
     D:2: 1313 daAuts
     D:1: 538 daAuts
     D:3: 52 daAuts
